 Dungeon Crawl Stone Soup version 0.30-a0-242-g7bf8e6d787 (webtiles) character file.

Game seed: 2658711937539512343

1645 KennySheep the Insei (level 8, -7/64 HPs)
             Began as a Demigod Transmuter on Oct 12, 2022.
             Mangled by a gnoll
             ... wielding a +2 halberd of protection
             ... led by a gnoll bouda
              (16 damage)
             ... on level 6 of the Dungeon.
             The game lasted 00:20:04 (6043 turns).

KennySheep the Insei (Demigod Transmuter)           Turns: 6043, Time: 00:20:04

Health: -7/64      AC:  2    Str: 11    XL:     8   Next: 40%
Magic:  10/13      EV: 21    Int: 23    God:
Gold:   353        SH:  0    Dex: 19    Spells: 2/10 levels left

rFire   . . .      SeeInvis .      - Unarmed
rCold   . . .      Faith    .    (shield currently unavailable)
rNeg    . . .      Spirit   .    (body armour currently unavailable)
rPois   x          Reflect  .    (helmet currently unavailable)
rElec   .          Harm     .    (cloak currently unavailable)
rCorr   .          Rampage  .    (gloves currently unavailable)
Will    .....                    (boots currently unavailable)
Stlth   ++........               (no amulet)
HPRegen 0.30/turn                (no ring)
MPRegen 0.13/turn                (no ring)

@: spider-form (expiring)
A: venomous fangs, tiny, high MP 1, forlorn, divine attributes
a: End Transformation


You were on level 6 of the Dungeon.
You were a venomous arachnid creature.
You visited 1 branch of the dungeon, and saw 6 of its levels.
You also visited: Sewer.

You collected 353 gold pieces.

Inventory:

Missiles
 h - 2 throwing nets
 l - a curare-tipped dart
 m - 40 stones
 n - 10 poisoned darts
Armour
 a - a +0 robe (melded)
Jewellery
 c - a +6 ring of strength
Wands
 b - a wand of roots (9)
 s - a wand of charming (10)
Scrolls
 g - 3 scrolls of blinking
 o - 2 scrolls of magic mapping {unknown}
 r - a scroll of teleportation {unknown}
 u - a scroll of torment
 w - 2 scrolls of identify
Potions
 d - a potion of ambrosia
 e - 2 potions of flight {unknown}
 f - 4 potions of curing
 i - 3 potions of might
 j - 3 potions of magic {unknown}
 k - a potion of invisibility {unknown}
 p - 3 potions of degeneration {unknown}
 q - a potion of haste {unknown}
 t - 2 potions of berserk rage {unknown}
 v - a potion of heal wounds
 x - a potion of attraction {unknown}


   Skills:
 + Level 3.6 Fighting
 + Level 3.9 Dodging
 * Level 5.7 Unarmed Combat
 - Level 1.7 Spellcasting
 + Level 5.2 Transmutations
 + Level 4.8 Poison Magic


You had 2 spell levels left.
You knew the following spells:

 Your Spells              Type           Power      Damage    Failure   Level
a - Beastly Appendage     Tmut           52%        N/A       7%          1
b - Wereblood             Tmut           26%        N/A       9%          2
c - Cigotuvi's Dreadful   Necr/Pois/Air  18%        N/A       26%         2
z - Spider Form           Tmut/Pois      25%        N/A       14%         3

Your spell library contained the following spells:

 Spells                   Type           Power      Damage    Failure   Level
 Apportation              Tloc           4%         N/A       30%         1
 Magic Dart               Conj           8%         1d3       30%         1
 Call Imp                 Summ           2%         N/A       41%         2
 Mephitic Cloud           Conj/Pois/Air  9%         N/A       41%         3
 Ice Form                 Ice/Tmut       14%        N/A       63%         4
 Alistair's Intoxication  Tmut/Pois      16%        N/A       65%         5
 Dispel Undead            Necr           2%         3d7       91%         4
 Death Channel            Necr           1%         N/A       100%        6


Dungeon Overview and Level Annotations

Branches:
Dungeon (6/15)              Sewer (visited)
 Temple: D:4-7


Innate Abilities, Weirdness & Mutations

You are a venomous arachnid creature.
You have poisonous fangs.
You are tiny and dextrous.
Your spellcasting is less reliable in this form.
Your armour is entirely melded.
You are incapable of wielding weapons or throwing items.
You have an increased reservoir of magic. (+10% MP)
You shall have no god before yourself.
Your divine heritage dramatically boosts your attributes as you level up.


Message History

You hit the gnoll bouda but do no damage.
The gnoll bouda looks as sick as possible!
The gnoll bouda is heavily wounded.
The gnoll bouda misses you.
The gnoll hits you from afar with a +0 spear.
You barely miss the gnoll bouda.
The gnoll bouda is heavily wounded.
The gnoll closely misses you.
The gnoll bouda barks out a call to the hunt!
The gnolls pick up the pace!
You hit the gnoll bouda.
The gnoll bouda looks as sick as possible!
The gnoll bouda is almost dead.
You kill the gnoll bouda!
The gnoll hits you from afar with a +0 spear.
The gnoll hits you with a +0 spear. The gnoll completely misses you.
Things that are here:
a +0 whip; a +0 leather armour You bite the gnoll!
The gnoll is poisoned.
The gnoll is heavily wounded.
Your transformation is almost over.
The gnoll hits you with a +0 spear.
The gnoll hits you from afar with a +2 halberd of protection.
You hit the gnoll.
The gnoll looks as sick as possible!
The gnoll is almost dead.
You kill the gnoll!
The gnoll completely misses you. The gnoll misses you.
Things that are here:
a +0 spear; a gnoll corpse You hit the gnoll but do no damage.
The gnoll is poisoned.
The gnoll hits you with a +2 halberd of protection!
You hit the gnoll.
The gnoll is heavily wounded.
The gnoll hits you with a +2 halberd of protection!
* * * LOW HITPOINT WARNING * * *
You hit the gnoll.
The gnoll looks even sicker.
The gnoll is severely wounded.
The gnoll hits you with a +2 halberd of protection!
You die... # #####.# #<)sgg# #######

You could see 2 gnolls.

Vanquished Creatures
  Sigmund (D:3)
  A black bear (D:5)
  An ice beast (D:5)
  An ogre (D:5)
  3 kobold brigands (Sewer)
  3 necrophages
  A gnoll sergeant (D:5)
  3 scorpions
  2 hounds
  A jelly (D:5)
  A gnoll bouda (D:6)
  2 iguanas (D:5)
  Ijyb (D:5)
  Natasha (thrice) (D:2)
  2 orc wizards (D:5)
  4 gnolls
  9 adders
  A river rat (Sewer)
  A shadow imp (D:4)
  An ufetubus (D:5)
  5 worms (Sewer)
  5 dart slugs
  6 orcs
  6 bats
  10 endoplasms
  5 giant cockroaches
  9 goblins
  4 hobgoblins
  3 jackals (D:1)
  4 quokkas
  4 ball pythons
  6 frilled lizards
  11 kobolds
  11 rats
131 creatures vanquished.

Notes
Turn   | Place    | Note
-------+----------+-------------------------------------------
     0 | D:1      | KennySheep the Demigod Transmuter began the quest for the
                  | Orb.
     0 | D:1      | Reached XP level 1. HP: 15/15 MP: 5/5
   177 | D:1      | Reached skill level 1 in Poison Magic
   177 | D:1      | Reached XP level 2. HP: 18/22 MP: 7/7
   198 | D:1      | Learned a level 2 spell: Wereblood
   785 | D:2      | Reached XP level 3. HP: 21/27 MP: 6/8
   835 | D:2      | Noticed Natasha
   940 | D:2      | Killed Natasha
  1065 | D:2      | Identified the +7 whip "Titulukk" {speed, Dex+2 Stlth+}
  1165 | D:2      | Noticed Natasha
  1180 | D:2      | Killed Natasha
  1181 | D:2      | Reached XP level 4. HP: 15/34 MP: 9/9
  1334 | D:2      | Noticed Natasha
  1361 | D:2      | Killed Natasha
  1515 | D:2      | Noticed a necrophage
  1527 | D:2      | Learned a level 3 spell: Spider Form
  1671 | D:2      | Killed a necrophage
  1672 | D:2      | Reached XP level 5. HP: 24/39 MP: 2/10
  2135 | D:3      | Noticed Sigmund
  2151 | D:3      | Killed Sigmund
  2152 | D:3      | Reached skill level 1 in Fighting
  2152 | D:3      | Reached XP level 6. HP: 46/47 MP: 8/11
  2258 | D:3      | Found a glowing drain.
  2264 | Sewer    | Entered a sewer
  2867 | Sewer    | Reached XP level 7. HP: 46/55 MP: 8/12
  4313 | D:5      | Entered Level 5 of the Dungeon
  4313 | D:5      | Noticed Ijyb
  4320 | D:5      | Killed Ijyb
  4687 | D:5      | Learned a level 2 spell: Cigotuvi's Dreadful Rot
  5051 | D:5      | Reached skill level 5 in Unarmed Combat
  5109 | D:5      | Reached XP level 8. HP: 22/63 MP: 10/13
  5116 | D:5      | Reached skill level 5 in Transmutations
  6043 | D:6      | Mangled by a gnoll

Illustrated notes

Levels and vault maps discovered:
D:1:      saegor_arrival_simple_a, layout_rooms,
          hellmonk_ecumenical_altar_blasted
D:2:      layout_rooms, uniq_natasha
D:3:      layout_basic, gup_sewer_entry_bubbles, uniq_sigmund
D:4:      layout_cave_pools, lemuel_round_altar
D:5:      layout_basic, nicolae_overflow_hidden_temple, serial_curves,
          eino_curves_02, eino_curves_02, uniq_ijyb
D:6:      layout_basic, nicolae_elemental_shop

Skill      XL: |  1  2  3  4  5  6  7  8 |
---------------+-------------------------+-----
Transmutations | 2 3 4 5 |  5.2
Poison Magic   | 1 2 3 4 |  4.8
Fighting       | 1 2 3 |  3.6
Dodging        | 2 3 |  3.9
Unarmed Combat | 3 4 5 |  5.7
Spellcasting   | |  1.7

Action                   |  1- 3 |  4- 6 |  7- 9 || total
-------------------------+-------+-------+-------++-------
Melee: Unarmed           |   127 |   191 |   234 ||   552
       Kick              |    13 |     6 |    16 ||    35
       Headbutt          |    11 |     1 |     8 ||    20
       Punch             |       |       |     1 ||     1
 Cast: Beastly Appendage |    14 |     5 |    10 ||    29
       Spider Form       |       |    10 |    15 ||    25
       Wereblood         |       |       |     1 ||     1
  Use: Potion            |     1 |     2 |     1 ||     4
       Scroll            |       |     3 |     1 ||     4
 Stab: Sleeping          |     1 |       |     1 ||     2
Armor: Robe              |    20 |    12 |    11 ||    43
       Skin              |       |     6 |     5 ||    11
Dodge: Dodged            |    92 |   112 |   155 ||   359

Table legend: (Time is in decaauts)
 A = Elapsed time spent in this place.
 B = Non-inter-level travel time spent in this place.
 C = Inter-level travel time spent in this place.
 D = Time resting spent in this place.
 E = Time spent auto-exploring this place.
 F = Levels seen in this place.
 G = Mean time per level.
                   A        B        C        D        E       F      G
               +--------+--------+--------+--------+--------+-----+--------+
         Total |   6197 |   5990 |    207 |    793 |   3709 |   7 |  885.3 |
       Dungeon |   5031 |   4824 |    207 |    702 |   3051 |   6 |  838.5 |
         Sewer |   1165 |   1165 |      0 |     91 |    658 |   1 | 1165.0 |
               +--------+--------+--------+--------+--------+-----+--------+

Top non-repeatable levels by time:
     D:5: 1703 daAuts
   Sewer: 1165 daAuts
     D:2: 1050 daAuts
     D:3: 929 daAuts
     D:1: 769 daAuts
     D:4: 566 daAuts
     D:6: 12 daAuts
